[Event "15th Deltalift Open 2018"]
[Site "Halmstad"]
[Date "2018.05.10"]
[Round "3"]
[White "Cedervall, Magnus"]
[Black "Bellon Lopez, Juan Manuel"]
[Result "0-1"]
[ECO "B21"]
[WhiteElo "1927"]
[BlackElo "2344"]
[Annotator "NA"]
[PlyCount "114"]
[EventDate "2018.??.??"]
[EventType "swiss"]
[EventCountry "SWE"]
[SourceTitle "playchess.com"]
[Source "ChessBase"]
[SourceQuality "1"]
[TimeControl "1800+12"]

1. e4 c5 2. d4 cxd4 3. c3 d3 4. c4 g6 5. Bxd3 Bg7 6. Nc3 Nc6 7. Nf3 d6 {[%emt 0:00:01] B21: Sicilian: 2 f4 and Morra Gambit} 8. O-O (8. h3 Nf6 9. O-O O-O 10. Be3 Be6 11. Rc1 Nd7 12. Ng5 Nc5 13. Be2 Bd7 14. Qd2 Qa5 15. Qc2 {0-1 (37) Stoma,P (2348)-Brodowski,P (2439) Poronin 2017}) 8... Bg4 9. Be2 Rc8 10. Be3 Bxc3 $146 ({Predecessor:} 10... Nf6 11. Qd2 O-O 12. Bh6 Bxf3 13. Bxf3 Bxh6 14. Qxh6 Nd4 {0-1 (52) Flitney,A (1959)-Smokina,K (2167) Queenstown 2012}) 11. bxc3 Nf6 12. h3 Bxf3 13. Bxf3 b6 14. Bh6 Ne5 15. Bg7 Rg8 16. Bxf6 exf6 17. Be2 Qc7 18. f4 Nxc4 19. Bxc4 Qxc4 20. Qxd6 Qc5+ 21. Qxc5 Rxc5 22. Rf3 Ke7 23. Kf2 Rgc8 24. Rc1 Rc4 25. Re3 b5 26. Ke2 Ra4 27. Rc2 Rc6 28. Kd3 Rd6+ 29. Ke2 Rda6 30. Kd3 Rxa2 31. Rxa2 Rxa2 32. g4 Kd6 33. e5+ fxe5 34. Rxe5 a6 35. Re8 Ra4 36. f5 gxf5 37. gxf5 Rh4 38. Ra8 Rxh3+ 39. Kd4 Rh4+ 40. Ke3 Ra4 41. Re8 Rc4 42. Kd3 h5 43. f6 Rf4 44. Ra8 Rxf6 45. Rxa6+ Ke5 46. Ra5 Rd6+ 47. Ke3 {[%emt 0:00:07] [#]} Rd5 $1 48. Ra7 Rc5 49. Kd3 Kf6 50. Kd4 Rc4+ 51. Kd3 h4 52. Ra6+ Kg7 53. Rb6 Rc5 54. Ke2 h3 55. Kf2 Rg5 56. Rd6 h2 57. Rd1 Rg1 0-1

[Event "15th Deltalift Open 2018"]
[Site "Halmstad"]
[Date "2018.05.10"]
[Round "3"]
[White "Bensryd, Hampus"]
[Black "Tuomainen, Felix"]
[Result "0-1"]
[ECO "B01"]
[WhiteElo "1918"]
[BlackElo "2211"]
[Annotator "NA"]
[PlyCount "110"]
[EventDate "2018.??.??"]
[EventType "swiss"]
[EventCountry "SWE"]
[SourceTitle "playchess.com"]
[Source "ChessBase"]
[SourceQuality "1"]
[TimeControl "1800+12"]

1. e4 d5 2. exd5 Qxd5 3. Nf3 Nf6 4. d4 Bg4 {[%emt 0:00:03] LiveBook: 436 Games} 5. Be2 e6 6. c4 Qd8 7. O-O c5 {[%emt 0:00:12] B01: Scandinavian Defence} (7... c6 8. Nc3 Nbd7 9. Bg5 Be7 10. h3 Bh5 11. Re1 h6 12. Bh4 O-O 13. Qb3 Qb6 14. Na4 Qb4 15. Qxb4 Bxb4 {½-½ (24) Sredojevic,I (2428)-Juhasz,A (2375) Novi Sad 2016}) 8. Be3 Nbd7 9. Nc3 Bd6 $146 ({Predecessor:} 9... Rc8 10. d5 Nb6 11. Bg5 Be7 12. dxe6 Bxe6 13. Ne5 O-O 14. Qc2 Nfd7 15. Bxe7 Qxe7 {0-1 (62) Marney,J (1586)-Wilkins,M (1909) Wellington 2013}) 10. d5 e5 (10... exd5 $11 {remains equal.} 11. cxd5 (11. Nxd5 O-O $14) 11... O-O) 11. h3 Bxf3 12. Bxf3 O-O 13. Qc2 Re8 14. Rad1 Qe7 15. Nb5 e4 16. Nxd6 Qxd6 17. Be2 Nf8 18. Qd2 Ng6 19. Rfe1 Nd7 20. Qa5 f5 21. Bh5 f4 22. Bxg6 hxg6 23. Bc1 g5 24. Qc3 Nf6 25. Re2 Kf7 26. Rde1 Rh8 27. b3 f3 28. Re3 g4 29. Bb2 gxh3 30. gxf3 Rh5 (30... exf3 {might work better.} 31. Kh1 (31. Rxf3 Rae8 $16) 31... Rae8) 31. fxe4 Rg5+ 32. Rg3 h2+ 33. Kg2 h1=Q+ 34. Kxh1 Rh8+ 35. Kg2 Ng4 36. Kf3 Rh2 37. Ke2 Rxf2+ 38. Kd1 Rxb2 39. Rf3+ $18 Kg8 40. Qxb2 Ne5 41. Rh3 Qd7 42. Reh1 Ng4 43. Qd2 Qe7 44. Rh8+ Kf7 45. Rf1+ Kg6 46. d6 Qxe4 47. d7 Qb1+ 48. Qc1 Qd3+ 49. Qd2 Qxf1+ 50. Kc2 Ne3+ 51. Kb2 Qf6+ 52. Ka3 Nxc4+ 53. bxc4 Rg3+ 54. Ka4 Qc6+ 55. Ka5 Qa6# 0-1

[Event "15th Deltalift Open 2018"]
[Site "Halmstad"]
[Date "2018.05.10"]
[Round "4"]
[White "Lindberg, Bengt"]
[Black "Madebrink, Lars"]
[Result "1-0"]
[ECO "B66"]
[WhiteElo "2404"]
[BlackElo "2192"]
[Annotator "RC"]
[PlyCount "87"]
[EventDate "2018.??.??"]
[EventType "swiss"]
[EventCountry "SWE"]
[SourceTitle "playchess.com"]
[Source "ChessBase"]
[SourceQuality "1"]
[TimeControl "1800+12"]

1. e4 c5 2. Nf3 d6 3. d4 cxd4 4. Nxd4 Nf6 5. Nc3 Nc6 6. Bg5 e6 7. Qd2 a6 8. O-O-O Be7 9. f3 Bd7 10. h4 b5 11. Nxc6 Bxc6 12. Ne2 Qc7 13. Nd4 Bb7 14. h5 h6 15. Be3 Rc8 16. Kb1 d5 17. e5 Nd7 18. f4 Nc5 19. Bd3 Ne4 20. Qe1 Bc5 21. g4 Qb6 22. f5 b4 23. fxe6 fxe6 24. g5 hxg5 25. Bxe4 dxe4 26. Qg3 Bd5 27. Qxg5 Qc7 28. Rhf1 Rh6 29. Qg2 Qxe5 30. Bxh6 Bxd4 31. Qg6+ Kd7 32. Rf7+ Kc6 33. Bxg7 Qh2 34. Bxd4 Kb5 35. Rc1 Qd2 36. Qg1 a5 37. Qf1+ Rc4 38. Bg1 Ka4 39. Ra7 Rxc2 40. Rxc2 Bxa2+ 41. Kxa2 Qxc2 42. Bb6 b3+ 43. Ka1 Kb4 44. Rxa5 1-0

[Event "15th Deltalift Open 2018"]
[Site "Halmstad"]
[Date "2018.05.10"]
[Round "4"]
[White "Bellon Lopez, Juan Manuel"]
[Black "Jogstad, Daniel"]
[Result "1-0"]
[ECO "A45"]
[WhiteElo "2344"]
[BlackElo "2028"]
[Annotator "NA RC"]
[PlyCount "103"]
[EventDate "2018.??.??"]
[EventType "swiss"]
[EventCountry "SWE"]
[SourceTitle "playchess.com"]
[Source "ChessBase"]
[SourceQuality "1"]
[TimeControl "1800+12"]

1. d4 Nf6 2. Bg5 Ne4 3. Bf4 c5 4. d5 Qb6 5. Nd2 Nxd2 6. Bxd2 d6 {[%emt 0:00:12] A45: Trompowsky Attack} (6... e5 7. e4 d6 8. a4 g6 9. h4 Nd7 10. h5 Bg7 11. a5 Qd8 12. Ne2 Nf6 13. Ng3 O-O 14. Be2 {1-0 (41) Barbosa,O (2545)-Perez,M (2399) chess.com INT 2018}) 7. e4 Nd7 {[%emt 0:01:13] LiveBook: 3 Games} 8. Bc3 Nf6 9. Qd3 g6 10. Bxf6 $146 ({Predecessor:} 10. Nf3 Bg7 11. Nd2 O-O 12. Be2 Qc7 13. f4 Rb8 14. a4 {½-½ (27) Povah,N (2295)-Malisov,B (2240) Acqui Terme 2017}) 10... exf6 11. Qb5+ Qxb5 12. Bxb5+ Kd8 13. Bd3 Bg7 14. O-O-O Re8 15. c4 a6 16. h4 h5 17. f3 Bd7 18. Ne2 b5 19. Nc3 bxc4 20. Bxc4 f5 21. Bd3 f4 22. Kc2 Ke7 23. b3 Reb8 24. Rb1 Rb6 25. Bc4 Bb5 26. a3 Rab8 27. Kd3 Be5 28. Rhc1 Bxc3 29. Kxc3 Bxc4 30. Kxc4 a5 31. Rc2 Kf6 32. Rcb2 Ke5 33. b4 axb4 34. axb4 Rxb4+ 35. Rxb4 Rxb4+ 36. Rxb4 cxb4 37. Kxb4 f6 38. Kb5 f5 39. Kc6 fxe4 40. fxe4 g5 41. hxg5 h4 42. g6 Kf6 43. e5+ Kxg6 44. e6 $18 Kf6 45. Kxd6 f3 46. gxf3 h3 47. e7 h2 48. e8=Q h1=Q 49. Qe5+ Kg6 50. Qe4+ Kg7 51. Kd7 Qh3+ 52. Qg4+ 1-0

[Event "15th Deltalift Open 2018"]
[Site "Halmstad"]
[Date "2018.05.10"]
[Round "4"]
[White "Hobber, Anders"]
[Black "Sjodahl, Pontus"]
[Result "0-1"]
[ECO "A45"]
[WhiteElo "2320"]
[BlackElo "2404"]
[Annotator "RC"]
[PlyCount "86"]
[EventDate "2018.??.??"]
[EventType "swiss"]
[EventCountry "SWE"]
[SourceTitle "playchess.com"]
[Source "ChessBase"]
[SourceQuality "1"]
[TimeControl "1800+12"]

1. d4 Nf6 2. Bf4 d5 3. e3 c5 4. c3 Nc6 5. Nd2 cxd4 6. exd4 e6 7. Bd3 Bd7 8. h3 Be7 9. Ngf3 Rc8 10. O-O O-O 11. Re1 a6 12. a4 Be8 13. Qe2 Nh5 14. Bh2 g6 15. Ne5 Ng7 16. Bf4 g5 17. Be3 f6 18. Nxc6 Rxc6 19. f4 gxf4 20. Bxf4 Bh5 21. Qe3 Kh8 22. Rf1 Qe8 23. Bh6 Rg8 24. c4 dxc4 25. Bxc4 Bd8 26. Rae1 Qd7 27. Kh1 Bf7 28. Bxg7+ Rxg7 29. b3 Rd6 30. Ne4 Rxd4 31. Nxf6 Qd6 32. Ne4 Qe5 33. Rd1 Bc7 34. Qg1 Rxd1 35. Rxd1 Qxe4 36. Qf2 Qe5 37. g4 h5 38. Rd7 Bg8 39. Rxg7 Kxg7 40. gxh5 Bh7 41. h6+ Kg8 42. Qg2+ Kf7 43. Qf2+ Qf4 0-1

[Event "15th Deltalift Open 2018"]
[Site "Halmstad"]
[Date "2018.05.10"]
[Round "4"]
[White "Johansson, Mikael"]
[Black "Linusson, Pelle"]
[Result "0-1"]
[ECO "D78"]
[WhiteElo "2284"]
[BlackElo "2211"]
[Annotator "NA"]
[PlyCount "64"]
[EventDate "2018.??.??"]
[EventType "swiss"]
[EventCountry "SWE"]
[SourceTitle "playchess.com"]
[Source "ChessBase"]
[SourceQuality "1"]
[TimeControl "1800+12"]

1. d4 Nf6 2. c4 g6 3. Nf3 Bg7 4. g3 c6 {[%emt 0:00:09] LiveBook: 1133 Games} 5. Bg2 d5 6. O-O O-O 7. Nc3 dxc4 8. e4 b5 9. e5 {[%emt 0:00:13] D78: Fianchetto Grünfeld: 6 0-0 c6} (9. Qe2 b4 10. Nd1 a5 11. Re1 Ba6 12. Qc2 c5 13. e5 Nd5 14. Ne3 cxd4 15. Nxd4 Bb7 16. f4 Nc6 17. Qxc4 Nxd4 18. Qxd4 Nxe3 19. Bxe3 Bxg2 20. Kxg2 Qxd4 21. Bxd4 Rfd8 22. Rad1 {½-½ (22) Vinchev,S (2502)-Kuiper,J (2490) ICCF email 2016}) 9... Nd5 10. Ne4 Bf5 11. Nh4 $146 ({Predecessor:} 11. Qe2 Qb6 12. Rd1 Na6 13. Nh4 Bd7 14. a4 Rad8 15. axb5 cxb5 16. Nc5 Bc8 {½-½ (36) Van Gool,H (2161)-Rendboe,J (2274) Maastricht 2010}) 11... Bxe4 12. Bxe4 e6 13. Be3 Nd7 14. a4 a5 (14... a6 $17 15. Qd2 Qe7) 15. Bxd5 exd5 16. f4 b4 17. f5 Re8 18. Qf3 ({Don't play} 18. fxg6 fxg6 19. Qf3 Qe7 $17) 18... Qe7 19. Rae1 {[%emt 0:02:12] [#]} Nxe5 $1 20. dxe5 Bxe5 21. Ng2 Bxb2 22. Kh1 (22. Qf2 {was necessary.} Bh8 23. f6) 22... Qd7 23. f6 Re6 24. Qg4 Qd6 25. Bd4 Bxd4 26. Qxd4 Rae8 27. g4 c5 28. Rxe6 Rxe6 29. Qf2 h6 30. Nf4 Rxf6 31. Qe3 g5 32. Qe8+ Kh7 0-1

[Event "15th Deltalift Open 2018"]
[Site "Halmstad"]
[Date "2018.05.10"]
[Round "4"]
[White "Kucuksari, Kaan"]
[Black "Akesson, Ralf"]
[Result "1-0"]
[ECO "D75"]
[WhiteElo "2264"]
[BlackElo "2392"]
[Annotator "RC"]
[PlyCount "159"]
[EventDate "2018.??.??"]
[EventType "swiss"]
[EventCountry "SWE"]
[SourceTitle "playchess.com"]
[Source "ChessBase"]
[SourceQuality "1"]
[TimeControl "1800+12"]

1. d4 Nf6 2. Nf3 g6 3. c4 Bg7 4. Nc3 d5 5. cxd5 Nxd5 6. g3 O-O 7. Bg2 c5 8. O-O Nxc3 9. bxc3 Nc6 10. d5 Na5 11. Bf4 Bf5 12. Qa4 Bd7 13. Qc2 Nc4 14. Nd2 Nxd2 15. Qxd2 Qa5 16. Rfc1 Rac8 17. d6 e5 18. Bg5 f6 19. Be3 b6 20. Bb7 Rcd8 21. Qd5+ Kh8 22. a4 Be8 23. c4 Bf7 24. Qd1 Qb4 25. Bd2 Rxd6 26. Bxb4 Rxd1+ 27. Rxd1 cxb4 28. Bd5 Bxd5 29. cxd5 Rd8 30. a5 Bf8 31. axb6 axb6 32. Ra6 Bc5 33. e4 Rd7 34. Ra8+ Kg7 35. Kg2 f5 36. exf5 gxf5 37. Re8 e4 38. g4 fxg4 39. Rxe4 h5 40. f3 gxf3+ 41. Kxf3 Kf6 42. Re6+ Kf5 43. Rh6 Kg5 44. Re6 Kf5 45. Rh6 Kg5 46. Rc6 Kf5 47. Rd3 Rf7 48. Re6 Rd7 49. Re4 Kf6 50. Re6+ Kf5 51. Re4 Kf6 52. Ke2 Kf5 53. Re6 Rxd5 54. Rxd5+ Kxe6 55. Rxh5 b3 56. Kd3 b2 57. Kc2 Bd4 58. Rb5 Kd6 59. Kd3 Kc6 60. Kc4 Bf6 61. Rb3 Bg7 62. Rb4 Bf6 63. Rb5 Be5 64. h3 Bf6 65. Rb4 Be5 66. Rb3 Bf6 67. Rb5 Be5 68. Rb4 Bf6 69. Rb3 Be5 70. h4 Bf6 71. h5 Bg7 72. Rb5 Bh8 73. Rb3 Bg7 74. Rb4 Bh8 75. Kd3 Kc5 76. Rb3 Bd4 77. Kc2 Bh8 78. h6 Kd5 79. Rxb6 Ke5 80. Rb8 1-0

[Event "15th Deltalift Open 2018"]
[Site "Halmstad"]
[Date "2018.05.10"]
[Round "4"]
[White "Haugli, Petter"]
[Black "Bit-Narva, David"]
[Result "1-0"]
[ECO "A21"]
[WhiteElo "2245"]
[BlackElo "1961"]
[Annotator "NA"]
[PlyCount "81"]
[EventDate "2018.??.??"]
[EventType "swiss"]
[EventCountry "SWE"]
[SourceTitle "playchess.com"]
[Source "ChessBase"]
[SourceQuality "1"]
[TimeControl "1800+12"]

1. c4 e5 2. Nc3 d6 3. Nf3 f5 4. e4 Nf6 {[%emt 0:01:21] A21: English Opening: 1...e5 2 Nc3} (4... c5 5. d3 Nc6 6. g3 Nf6 7. Bg2 Be7 8. O-O O-O 9. exf5 Bxf5 10. Ng5 Qd7 11. Nd5 h6 12. Nxf6+ Bxf6 {½-½ (57) Meskovs,N (2476)-Ismagambetov,A (2542) Baku 2016}) 5. exf5 Bxf5 {[%emt 0:00:05] LiveBook: 4 Games} 6. d4 e4 7. Nh4 Bg4 8. Be2 Bxe2 9. Qxe2 Be7 $146 ({Predecessor:} 9... Qe7 10. Bg5 Nbd7 11. Nd5 Qe6 12. Nxc7+ {1-0 (12) Kaupert,V-Teixeira,J Brazil CXEB 1997}) 10. Nxe4 O-O 11. Nxf6+ Bxf6 12. Nf3 Re8 13. Be3 c5 14. dxc5 dxc5 15. O-O Nc6 16. Rfd1 Qb6 17. Qc2 Rad8 18. Rab1 Nd4 19. Bxd4 $1 cxd4 20. b3 Re7 21. Qd3 Qb4 22. Re1 Rxe1+ 23. Rxe1 Qc3 24. Rd1 Qa5 25. Rd2 Qa3 26. g3 Re8 (26... a6 $16 27. Qe4 Qb4) 27. Re2 Qc1+ 28. Kg2 Rd8 29. Rc2 Qb1 30. Rd2 Qc1 31. Qe4 Qc3 32. Qxb7 d3 33. Qe4 Kf8 34. c5 (34. Qxh7 $142 Rd6 35. Qf5) 34... g5 $2 (34... h6 35. b4 Kg8) 35. h3 Qxc5 36. Rxd3 Rxd3 37. Qxd3 Qe7 38. Qd5 Kg7 39. Nd2 Qe2 40. Ne4 Qb2 41. Qf5 $18 (41. Nd6 $142 h6 42. Qf7+ Kh8 43. Nf5) 1-0

[Event "15th Deltalift Open 2018"]
[Site "Halmstad"]
[Date "2018.05.10"]
[Round "4"]
[White "Tuomainen, Felix"]
[Black "Torngren, Gustav"]
[Result "1-0"]
[ECO "A61"]
[WhiteElo "2211"]
[BlackElo "2023"]
[Annotator "NA"]
[PlyCount "125"]
[EventDate "2018.??.??"]
[EventType "swiss"]
[EventCountry "SWE"]
[SourceTitle "playchess.com"]
[Source "ChessBase"]
[SourceQuality "1"]
[TimeControl "1800+12"]

1. d4 Nf6 2. c4 e6 3. Nc3 c5 4. d5 exd5 5. cxd5 d6 6. Nf3 g6 7. Nd2 Bg7 8. e4 O-O 9. Be2 Na6 10. O-O Nc7 11. a4 Rb8 12. Nc4 {[%emt 0:00:11] A73: Modern Benoni: Classical: Unusual Black 9th moves} Re8 13. Qc2 {[%emt 0:00:17] [#]} b6 $146 ({Predecessor:} 13... a6 14. Bf4 Bf8 15. Rad1 b5 16. Na5 Bd7 17. Nc6 Bxc6 18. dxc6 b4 19. e5 bxc3 20. exd6 Rxb2 21. dxc7 {1-0 (68) Lalev,D (2385)-Groszpeter,A (2505) Varna 1983}) 14. Bf4 Bf8 15. Rab1 Ba6 16. b4 $2 {[%emt 0:00:16] [#]} (16. f3 $14 {keeps the upper hand.}) 16... Bxc4 $2 ({Better is} 16... cxb4 $1 $17 17. Rxb4 Nxe4 18. Nxe4 Nxd5) 17. Bxc4 cxb4 18. Rxb4 Rc8 19. Qd3 Nd7 20. Rbb1 Nc5 21. Qc2 Bg7 22. f3 Re7 23. Bg5 f6 24. Be3 Ne8 25. Bd4 f5 26. Bxg7 Nxg7 27. Rfe1 fxe4 28. Nxe4 Nxe4 29. Rxe4 Rc5 30. Qe2 Rec7 31. Bb5 Rc1+ 32. Rxc1 Rxc1+ 33. Kf2 Qf6 34. Qd2 Rb1 35. Be2 Nf5 (35... Rh1 $11 {remains equal.} 36. Qd4 Qg5) 36. g4 Qh4+ 37. Kg2 Ng3 38. Re8+ Kf7 39. Qe3 Nxe2 40. Qe6+ ({Worse is} 40. Qxe2 Rb2 $11) 40... Kg7 41. Re7+ Kh6 42. Qe3+ $18 Qg5 43. Rxh7+ Kxh7 44. Qxg5 Rb2 45. Qe7+ Kg8 46. Qxd6 Nc3+ 47. Kh3 Nxa4 48. Qd8+ Kh7 49. Qd7+ Kh6 50. Qxa4 b5 51. Qf4+ Kh7 52. Qc7+ Kh6 53. Qc1+ Kh7 54. Qxb2 a5 55. Qxb5 a4 56. Qxa4 Kg7 57. g5 Kf7 58. Qd7+ Kf8 59. Kg3 Kg8 60. Kf4 Kf8 61. Ke5 Kg8 62. Kf6 Kf8 63. Qd8# 1-0

[Event "15th Deltalift Open 2018"]
[Site "Halmstad"]
[Date "2018.05.10"]
[Round "4"]
[White "Nilsson, Patrik"]
[Black "Bohman Karlholm, Adrian"]
[Result "1-0"]
[ECO "B01"]
[WhiteElo "2195"]
[BlackElo "2019"]
[Annotator "NA"]
[PlyCount "91"]
[EventDate "2018.??.??"]
[EventType "swiss"]
[EventCountry "SWE"]
[SourceTitle "playchess.com"]
[Source "ChessBase"]
[SourceQuality "1"]
[TimeControl "1800+12"]

1. e4 d5 2. exd5 Qxd5 3. Nf3 Bg4 4. Be2 Nc6 5. h3 Bh5 6. d4 O-O-O 7. Be3 e5 8. c4 Bb4+ 9. Nbd2 Qd6 10. d5 Nce7 11. O-O f5 12. a3 Bxd2 13. Qxd2 Kb8 14. Nxe5 Qxe5 15. Bxh5 f4 16. Bd4 Qxh5 17. Bxg7 Nh6 18. Qxf4 Nf7 19. Bxh8 Nxh8 20. Rfe1 Nhg6 21. Qf6 Rg8 22. Qf7 Qf5 23. Qxg8+ Nxg8 24. Re8+ Qc8 25. Rae1 Nf6 26. Rxc8+ Kxc8 27. g3 Kd7 28. f4 c6 29. dxc6+ bxc6 30. f5 Ne7 31. g4 h6 32. Kf2 c5 33. Re6 Nfg8 34. b4 cxb4 35. axb4 h5 36. Ra6 Nc6 37. b5 Ne5 38. Rxa7+ Kd6 39. Rg7 Nh6 40. Rh7 Ng8 41. g5 Nxc4 42. f6 Ne5 43. f7 Nxf7 44. Rxf7 Ke6 45. Rf8 Ne7 46. Re8 1-0

[Event "15th Deltalift Open 2018"]
[Site "Halmstad"]
[Date "2018.05.10"]
[Round "4"]
[White "Sorensen, Hampus"]
[Black "Bergre, Joachim"]
[Result "1-0"]
[ECO "A57"]
[WhiteElo "2176"]
[BlackElo "1990"]
[Annotator "NA"]
[PlyCount "69"]
[EventDate "2018.??.??"]
[EventType "swiss"]
[EventCountry "SWE"]
[SourceTitle "playchess.com"]
[Source "ChessBase"]
[SourceQuality "1"]
[TimeControl "1800+12"]

1. d4 Nf6 2. c4 c5 3. d5 b5 4. Qc2 bxc4 5. e4 d6 6. Bxc4 g6 7. Nf3 Bg7 8. h3 O-O 9. O-O Ba6 10. Na3 Nfd7 11. Qe2 Bxc4 12. Nxc4 Nb6 13. Rb1 Nxc4 14. Qxc4 Nd7 15. Bd2 Nb6 16. Qe2 Qd7 17. b3 Rac8 18. Rbc1 Qb7 19. Bc3 Bxc3 20. Rxc3 Nd7 21. Rd1 f6 22. Nd2 Rc7 23. Nc4 Ne5 24. f4 Nxc4 25. Rxc4 Qb5 26. e5 fxe5 27. fxe5 Qd7 28. Re4 Rf5 29. exd6 Qxd6 30. Re6 Qd7 31. d6 exd6 32. Rdxd6 Qf7 33. Rd8+ Kg7 34. Rde8 Kh6 35. Qe3+ 1-0

[Event "15th Deltalift Open 2018"]
[Site "Halmstad"]
[Date "2018.05.10"]
[Round "4"]
[White "Lindhe, Magnus"]
[Black "Crevatin, Leo"]
[Result "1-0"]
[ECO "D00"]
[WhiteElo "2170"]
[BlackElo "2251"]
[Annotator "NA"]
[PlyCount "67"]
[EventDate "2018.??.??"]
[EventType "swiss"]
[EventCountry "SWE"]
[SourceTitle "playchess.com"]
[Source "ChessBase"]
[SourceQuality "1"]
[TimeControl "1800+12"]

1. d4 d5 2. c3 Nf6 3. Bg5 Ne4 4. Bf4 {[%emt 0:00:05] D00: 1 d4 d5: Unusual lines} c5 5. f3 (5. e3 Nc6 6. Nd2 Nxd2 7. Qxd2 cxd4 8. exd4 Bf5 9. Nf3 e6 10. Bb5 Bd6 11. Bg3 O-O 12. O-O Rc8 13. Rfe1 Bxg3 14. hxg3 {1-0 (45) Al Sayed,M (2511)-Christiansen,J (2495) Riadh 2017}) 5... Nf6 6. dxc5 a5 $146 ({Predecessor:} 6... e5 7. Bxe5 Bxc5 8. Bd4 Bd6 9. e3 Nh5 10. g3 Nc6 11. Ne2 Nxd4 12. exd4 {1-0 (42) Narmontas,M (2370)-Kocheev,A (2247) Kemer 2009}) 7. e4 e6 8. b4 (8. Qd4 $11 {keeps the balance.}) 8... axb4 9. cxb4 b6 {[%emt 0:02:27] [#]} 10. Bxb8 $1 Rxb8 11. Bb5+ Ke7 12. c6 dxe4 13. Qxd8+ Kxd8 14. a3 Ra8 15. Nc3 Kc7 16. Ra2 e5 (16... Nd5 $17 17. Nge2 exf3 18. gxf3 Be7) 17. Bc4 Bf5 18. g4 Be6 $1 19. Bxe6 fxe6 20. fxe4 Nxg4 21. Nf3 Kxc6 22. Rg1 Nf6 23. Nxe5+ Kb7 24. Nf7 Rg8 25. e5 Nd5 26. Nxd5 exd5 27. Rgg2 g6 28. Rge2 Be7 29. e6 Rgc8 30. Kf2 Rc3 31. Red2 Kc6 32. Kg2 Raxa3 (32... b5 $15 33. Rd4 Raxa3) 33. Ne5+ Kd6 $18 (33... Kb7 $14 34. Rxa3 Rxa3) 34. Rxa3 1-0

[Event "15th Deltalift Open 2018"]
[Site "Halmstad"]
[Date "2018.05.10"]
[Round "4"]
[White "Subramanian, Aditya"]
[Black "Lundell, Jens"]
[Result "1-0"]
[ECO "D80"]
[WhiteElo "2123"]
[BlackElo "1942"]
[Annotator "NA"]
[PlyCount "51"]
[EventDate "2018.??.??"]
[EventType "swiss"]
[EventCountry "SWE"]
[SourceTitle "playchess.com"]
[Source "ChessBase"]
[SourceQuality "1"]
[TimeControl "1800+12"]

1. d4 Nf6 2. c4 g6 3. Nc3 d5 4. Bg5 Ne4 5. Nxe4 dxe4 6. Qd2 Bg7 7. e3 c5 8. Ne2 Nc6 9. d5 Ne5 10. Nc3 f5 11. O-O-O Nf7 12. Bf4 Nd6 13. f3 exf3 14. gxf3 O-O 15. h4 Bd7 16. h5 Be8 17. hxg6 Bxg6 18. Bd3 Qd7 19. Rdg1 a6 20. Bh6 Rf7 21. Ne2 Be5 22. Nf4 Bxf4 23. Bxf4 b5 24. Be5 Rg7 25. Bxg7 Kxg7 26. Qc3+ 1-0

[Event "15th Deltalift Open 2018"]
[Site "Halmstad"]
[Date "2018.05.10"]
[Round "4"]
[White "Troberg Eskola, Love"]
[Black "Lindh, Fredrik"]
[Result "0-1"]
[ECO "B31"]
[WhiteElo "1993"]
[BlackElo "2296"]
[Annotator "NA"]
[PlyCount "38"]
[EventDate "2018.??.??"]
[EventType "swiss"]
[EventCountry "SWE"]
[SourceTitle "playchess.com"]
[Source "ChessBase"]
[SourceQuality "1"]
[TimeControl "1800+12"]

1. e4 c5 2. Nf3 Nc6 3. Bb5 g6 4. Bxc6 bxc6 5. O-O Bg7 6. d3 d6 7. h3 Nh6 8. Qe2 O-O 9. Nc3 f6 10. Be3 Nf7 11. Nh2 Rb8 12. Rab1 f5 13. Qd2 Bd7 14. a3 Qa5 15. f4 $15 ({White should try} 15. exf5 $11 gxf5 16. Nf3) 15... Rxb2 16. Nd5 Qxd2 17. Nxe7+ Kh8 18. Bxd2 Rxb1 19. Rxb1 Re8 0-1

[Event "15th Deltalift Open 2018"]
[Site "Halmstad"]
[Date "2018.05.10"]
[Round "4"]
[White "Nystrom, Jonas"]
[Black "Lindborg, Patrik"]
[Result "1-0"]
[ECO "B47"]
[WhiteElo "1965"]
[BlackElo "2172"]
[Annotator "NA"]
[PlyCount "71"]
[EventDate "2018.??.??"]
[EventType "swiss"]
[EventCountry "SWE"]
[SourceTitle "playchess.com"]
[Source "ChessBase"]
[SourceQuality "1"]
[TimeControl "1800+12"]

1. e4 c5 2. Nf3 e6 3. d4 cxd4 4. Nxd4 Nc6 5. Nc3 Qc7 6. a3 Nf6 7. Be3 a6 8. Be2 h5 9. Nxc6 bxc6 10. f4 Rb8 11. Rb1 d5 12. e5 Ng4 13. Bxg4 hxg4 14. Qxg4 c5 15. Bd2 Bb7 16. O-O g6 17. Rfe1 Bc6 18. Ne2 Be7 19. Ng3 Rb7 20. Qd1 Bh4 21. Qg4 Qb8 22. b4 a5 23. f5 gxf5 24. Qg7 Ke7 25. Bg5+ Bxg5 26. Qxg5+ Kd7 27. Qf6 Qd8 28. Qxf7+ Kc8 29. Qxe6+ Bd7 30. Qxd5 Qh4 31. Nf1 axb4 32. axb4 Rxb4 33. Qxc5+ Kd8 34. Qxb4 f4 35. Qb8+ Ke7 36. Qd6+ 1-0

[Event "15th Deltalift Open 2018"]
[Site "Halmstad"]
[Date "2018.05.10"]
[Round "4"]
[White "Linusson, Lasse"]
[Black "Silseth, Simon"]
[Result "0-1"]
[ECO "B20"]
[WhiteElo "1962"]
[BlackElo "2239"]
[Annotator "NA"]
[PlyCount "116"]
[EventDate "2018.??.??"]
[EventType "swiss"]
[EventCountry "SWE"]
[SourceTitle "playchess.com"]
[Source "ChessBase"]
[SourceQuality "1"]
[TimeControl "1800+12"]

1. e4 c5 2. a3 g6 3. b4 {[%emt 0:00:00] B20: Sicilian: Unusual White 2nd moves} (3. Nc3 Bg7 4. Bc4 Nc6 5. d3 d6 6. h4 Nf6 7. Nge2 h5 8. Bg5 Nd4 9. Nxd4 cxd4 10. Nd5 Nxd5 11. Bxd5 {1-0 (62) Carlsen,M (2832)-Guseinov,G (2645) chess.com INT 2017}) 3... Bg7 4. Nc3 d6 5. Nge2 Nf6 6. Rb1 O-O 7. g3 Nc6 8. Bg2 Nd4 9. Nxd4 $146 ({Predecessor:} 9. O-O Qc7 10. d3 Bg4 {½-½ (30) Vlasveld,W (2483)-Staratorzhsky,V (2418) ICCF email 2009}) 9... cxd4 10. Nd5 Nxd5 11. exd5 Bf5 12. O-O Rc8 13. d3 Qc7 14. Rb2 Qd7 15. Re1 Rc3 16. Ra2 Rfc8 17. Bd2 R3c7 18. a4 e5 19. b5 h5 20. Qb1 b6 21. a5 Rc5 22. Rb2 Qc7 23. axb6 axb6 24. Bb4 Rxb5 (24... Rxc2 $19 {and Black stays clearly on top.} 25. Be4 Bxe4 26. Rxc2 Qxc2 27. Qxc2 Rxc2 28. dxe4 Bf8) 25. Qa2 Bd7 26. Ra1 Bf8 27. Qa6 Rb8 28. Qa2 {[%emt 0:00:22] [#]} Qb7 ({Black should play} 28... h4 $1 $17 ) 29. Rb3 Rc8 30. Qa7 ({White should try} 30. h4 $15) 30... Qxa7 31. Rxa7 Be8 32. Ra2 f5 33. Kf1 $17 Bf7 34. Rbb2 Bxd5 35. Bxd5+ Rxd5 36. Ra6 Rb5 37. Ra7 d5 38. Ra4 Bxb4 39. Rbxb4 Rxb4 40. Rxb4 Rxc2 41. Rxb6 Kg7 42. Rd6 Rd2 43. Rxd5 Kf6 44. Rd6+ Kf7 45. Rd5 Ke6 46. Rd8 Rxd3 47. Ke2 Ra3 48. Re8+ Kf6 49. Rf8+ Ke7 50. Rg8 Kf7 51. Rb8 e4 52. Rb6 Ra2+ 53. Ke1 d3 54. Rd6 g5 55. h3 Ra1+ 56. Kd2 Rf1 57. Ke3 Re1+ 58. Kd4 d2 0-1

[Event "15th Deltalift Open 2018"]
[Site "Halmstad"]
[Date "2018.05.10"]
[Round "4"]
[White "Karlsson, Ulf"]
[Black "Blomstrom, Lars"]
[Result "1/2-1/2"]
[ECO "C47"]
[WhiteElo "1959"]
[BlackElo "2163"]
[Annotator "NA"]
[PlyCount "54"]
[EventDate "2018.??.??"]
[EventType "swiss"]
[EventCountry "SWE"]
[SourceTitle "playchess.com"]
[Source "ChessBase"]
[SourceQuality "1"]
[TimeControl "1800+12"]

1. e4 e5 2. Nf3 Nc6 3. Nc3 Nf6 4. d4 exd4 5. Nxd4 Bb4 6. Nxc6 bxc6 7. Bd3 O-O 8. O-O d5 9. exd5 cxd5 10. Bg5 c6 11. Qf3 Rb8 12. Bxf6 Qxf6 13. Qxf6 gxf6 14. Ne2 Bd6 15. b3 a5 16. Rad1 Rb4 17. c3 Rb6 18. Nd4 Re8 19. Rfe1 Re5 20. Nf3 Kg7 21. Nxe5 fxe5 22. c4 Rb4 23. Be4 f5 24. Bxd5 cxd5 25. Rxd5 Bc7 26. Red1 Rb7 27. c5 Be6 1/2-1/2